 Dungeon Crawl Stone Soup version 0.31-a0-538-gbc85326fa9 (webtiles) character file.

Game seed: 13693607474108544825

5713 cforsyth the Prestidigitator (level 10, -3/68 HPs)
             Began as a Gnoll Artificer on Aug 13, 2023.
             Was a Priest of Hepliaklqana.
             Slain by a boulder beetle (38 damage)
             ... on level 9 of the Dungeon.
             The game lasted 00:20:56 (9132 turns).

cforsyth the Prestidigitator (Gnoll Artificer)      Turns: 9132, Time: 00:20:56

Health: -3/68      AC: 18    Str: 12    XL:     10   Next: 76%
Magic:  36/36      EV:  4    Int: 15    God:    Hepliaklqana [***...]
Gold:   421        SH:  6    Dex: 12    Spells: 20/20 levels left

rFire   + . .        I - +2 morningstar (flame)
rCold   + . .        y - +1 buckler {rF+}
rNeg    + . .        w - +0 plate armour
rPois   .            o - +0 helmet
rElec   .            (no cloak)
rCorr   .            x - +0 pair of gloves
SInv    .            E - +1 pair of boots
Will    .....        (no amulet) Stlth
                     D - ring of Xom's Full Attention {rC+ rN+ MP+9}
HPRegen 0.31/turn    v - ring of magical power
MPRegen 0.25/turn

%: no passive effects
@: no status effects
A: reduced essence, fangs 1, strong nose, distributed training
a: Renounce Religion, Recall Ancestor, Ancestor Identity, Transference


You were on level 9 of the Dungeon.
You worshipped Hepliaklqana.
Hepliaklqana was most pleased with you.
You visited 2 branches of the dungeon, and saw 10 of its levels.

You collected 586 gold pieces.
You spent 165 gold pieces at shops.

Inventory:

Hand Weapons
 a - a +0 club
 c - a +2 rapier of holy wrath
 e - a +2 short sword of venom
 f - a +1 heavy mace
 I - a +2 morningstar of flaming (weapon)
Armour
 b - a +0 leather armour
 o - a +0 helmet (worn)
 w - a +0 plate armour (worn)
 x - a +0 pair of gloves (worn)
 y - a +1 buckler of fire resistance (worn)
 E - a +1 pair of boots (worn)
Jewellery
 v - a ring of magical power (right hand)
 D - the ring of Xom's Full Attention (left hand) {rC+ rN+ MP+9}
   (You found it on level 4 of the Dungeon)

   [ring of protection from cold]

   rC+:       It protects you from cold.
   rN+:       It protects you from negative energy.
   MP+9:      It affects your magic capacity (+9).
Wands
 d - a wand of charming (1)
 B - a wand of digging (2)
 J - a wand of flame (8)
Scrolls
 i - 3 scrolls of torment {unknown}
 j - a scroll of teleportation
 k - 2 scrolls of blinking {unknown}
 p - 3 scrolls of immolation {unknown}
 r - a scroll of noise {unknown}
 s - a scroll of vulnerability
 u - a scroll of poison
 z - a scroll of fear {unknown}
 A - a scroll of enchant armour
Potions
 g - a potion of curing
 h - 3 potions of enlightenment
 l - 4 potions of brilliance
 m - 2 potions of attraction
 q - 5 potions of lignification
 t - a potion of berserk rage
 C - 2 potions of cancellation
 F - 2 potions of haste
 H - a potion of magic


   Skills:
 + Level 6.3 Fighting
 + Level 5.7 Short Blades
 + Level 5.7 Long Blades
 + Level 5.7 Axes
 + Level 5.7 Maces & Flails
 + Level 5.7 Polearms
 + Level 5.7 Staves
 + Level 5.7 Ranged Weapons
 + Level 5.7 Throwing
 + Level 7.4 Armour
 + Level 6.3 Dodging
 + Level 6.2 Stealth
 + Level 5.7 Shields
 + Level 5.7 Unarmed Combat
 + Level 5.7 Spellcasting
 + Level 4.7 Conjurations
 + Level 4.7 Hexes
 + Level 4.7 Summonings
 + Level 4.7 Necromancy
 + Level 4.7 Translocations
 + Level 4.7 Transmutations
 + Level 4.7 Fire Magic
 + Level 4.7 Ice Magic
 + Level 4.7 Air Magic
 + Level 4.7 Earth Magic
 + Level 4.7 Poison Magic
 + Level 6.2 Invocations
 + Level 8.8 Evocations
 + Level 4.7 Shapeshifting


You had 20 spell levels left.
You didn't know any spells.
Your spell library contained the following spells:

 Spells                   Type           Power      Damage    Failure   Level
 Apportation              Tloc           36%        N/A       97%         1
 Necrotise                Necr           72%        1d7       97%         1
 Sandblast                Erth           36%        2d10      97%         1
 Summon Small Mammal      Summ           72%        N/A       97%         1
 Lesser Beckoning         Tloc           36%        N/A       99%         2
 Passwall                 Tmut/Erth      15%        N/A       99%         2
 Dazzling Flash           Conj/Hex       36%        N/A       100%        3
 Gell's Gravitas          Tloc           18%        N/A       100%        3
 Stone Arrow              Conj/Erth      36%        3d9       100%        3
 Teleport Other           Tloc           18%        N/A       100%        3
 Agony                    Necr           18%        N/A       100%        5
 Silence                  Hex/Air        9%         N/A       100%        5


Dungeon Overview and Level Annotations

Branches:
Dungeon (9/15)             Temple (1/1) D:6            Lair (0/5) D:9
    Orc: D:9-12

Altars:
Ashenzari
Cheibriados
Dithmenos
Elyvilon
Fedhas
Gozag
Hepliaklqana
Makhleb
Nemelex Xobeh
Okawaru
Qazlal
Ru
Sif Muna
Trog
Uskayaw
Vehumet
Wu Jian
Xom
Zin
The Shining One

Shops:
D:2 [   D:3 *   D:6 *


Innate Abilities, Weirdness & Mutations

Your life essence is reduced to manifest your ancestor. (-10% HP)
You have very sharp teeth.
Your uncanny sense of smell can sniff out nearby items.
Your experience applies equally to all skills.


Message History

The boulder beetle bites you.
You barely miss the boulder beetle.
The boulder beetle is severely wounded.
The boulder beetle bites you! The boulder beetle bites you.
You are too injured to fight recklessly!
You are too injured to fight recklessly!
You are too injured to fight recklessly!
You are too injured to fight recklessly!
You are too injured to fight recklessly!
You are too injured to fight recklessly!
You are too injured to fight recklessly!
You are too injured to fight recklessly!
You are too injured to fight recklessly!
You are too injured to fight recklessly!
You are too injured to fight recklessly!
You are too injured to fight recklessly!
You are too injured to fight recklessly!
You hit the boulder beetle but do no damage.
The boulder beetle is severely wounded.
Hrodulf casts a spell at the boulder beetle.
The stone arrow hits the boulder beetle!
The boulder beetle bites you but does no damage.
You hit the boulder beetle. You burn the boulder beetle.
The boulder beetle is severely wounded.
The boulder beetle bites you but does no damage.
You hit the boulder beetle but do no damage.
The boulder beetle is severely wounded.
The boulder beetle bites you but does no damage.
You hit the boulder beetle but do no damage.
Your bite misses the boulder beetle.
The boulder beetle is severely wounded.
The boulder beetle bites you but does no damage.
Hrodulf points at the boulder beetle and mumbles some strange words.
The stone arrow hits the boulder beetle.
The boulder beetle curls into a ball and begins rolling!
You hit the boulder beetle but do no damage.
The boulder beetle is severely wounded.
The boulder beetle hits you!!!
Ouch! That really hurt!
You die...

... #....#...##.#
#.###.#.###....# #. ...
.#...#)#### #.#
#.#####.#.######+######
.°.
∆∆.[?#...#.#...........#
#°# #.#[#...#...........#
.○. #.()#####...........#
#°###.#.#...#.<.........#
#.°.$?#B@R#.#........[..+
###.#####.#.#........<..#
#.....# ..#.#...)).......
#.###.#.###...####†..#...
... ...#...###..........
###
#.####.####..##.#._.#.
#......# ##.###.......
#######.## #....†...#...
.........# #............


You could see the friendly Hrodulf the battlemage and a boulder beetle (rolling,
ally target).

Vanquished Creatures
  A hydra (D:9)
  Sigmund (D:2)
  A basilisk (D:7)
  An acid dragon (D:8)
  5 water moccasins
  Duvessa (D:7)
  2 black bears
  A sky beast (D:7)
  2 ice beasts (D:6)
  An ogre (D:5)
  2 bullfrogs
  A scorpion (D:7)
  A wight (D:8)
  2 howler monkeys (D:5)
  An orc priest (D:8)
  3 hounds
  A sleepcap (D:5)
  An iguana (D:4)
  2 orc wizards (D:8)
  4 gnolls
  9 adders
  A shadow imp (D:5)
  5 dart slugs
  A worm (D:3)
  2 orcs
  7 bats
  4 endoplasms
  4 giant cockroaches
  13 goblins
  9 hobgoblins
  2 jackals (D:2)
  5 quokkas
  7 ball pythons
  10 frilled lizards
  6 kobolds
  6 rats
125 creatures vanquished.

Vanquished Creatures (collateral kills)
  A tengu warrior (D:9)
  A two-headed ogre (D:9)
  Maggie (D:8)
  A wyvern (D:4)
  2 orc warriors (D:9)
  2 black bears
  A bullfrog (D:9)
  A kobold brigand (D:9)
  A scorpion (D:5)
  A gnoll sergeant (D:7)
  2 wights (D:8)
  Dowan (D:7)
  3 killer bees (D:9)
  A hound (D:5)
  5 orc priests
  A jelly (D:4)
  A gnoll bouda (D:7)
  A sleepcap (D:7)
  2 orc wizards (D:6)
  6 gnolls
  12 orcs
  3 kobolds
50 creatures vanquished.

Vanquished Creatures (others)
  A two-headed ogre (D:9)
  A komodo dragon (D:9)
  An orc warrior (D:9)
  A wight (D:9)
  6 battlemagi
  A bat (D:1)
11 creatures vanquished.

Grand Total: 186 creatures vanquished

Notes
Turn   | Place    | Note
-------+----------+-------------------------------------------
     0 | D:1      | cforsyth the Gnoll Artificer began the quest for the Orb.
     0 | D:1      | Reached XP level 1. HP: 17/17 MP: 1/1
    78 | D:1      | Reached XP level 2. HP: 12/23 MP: 2/2
   194 | D:1      | HP: 1/23 [goblin/+0 dagger (3)]
   370 | D:1      | Reached XP level 3. HP: 27/28 MP: 3/3
   701 | D:2      | Reached skill level 1 in Invocations
   705 | D:2      | HP: 1/28 [poisoned by an adder]
   875 | D:2      | Reached skill level 1 in Short Blades
   875 | D:2      | Reached skill level 1 in Long Blades
   875 | D:2      | Reached skill level 1 in Axes
   875 | D:2      | Reached skill level 1 in Maces & Flails
   875 | D:2      | Reached skill level 1 in Polearms
   875 | D:2      | Reached skill level 1 in Staves
   875 | D:2      | Reached skill level 1 in Ranged Weapons
   875 | D:2      | Reached skill level 1 in Throwing
   875 | D:2      | Reached skill level 1 in Shields
   875 | D:2      | Reached skill level 1 in Unarmed Combat
   875 | D:2      | Reached skill level 1 in Spellcasting
   998 | D:2      | Reached XP level 4. HP: 26/34 MP: 5/5
  1201 | D:2      | Found Laigh's Armour Boutique.
  1376 | D:2      | Reached skill level 1 in Conjurations
  1376 | D:2      | Reached skill level 1 in Hexes
  1376 | D:2      | Reached skill level 1 in Summonings
  1376 | D:2      | Reached skill level 1 in Necromancy
  1376 | D:2      | Reached skill level 1 in Translocations
  1376 | D:2      | Reached skill level 1 in Transmutations
  1376 | D:2      | Reached skill level 1 in Fire Magic
  1376 | D:2      | Reached skill level 1 in Ice Magic
  1376 | D:2      | Reached skill level 1 in Air Magic
  1376 | D:2      | Reached skill level 1 in Earth Magic
  1376 | D:2      | Reached skill level 1 in Poison Magic
  1376 | D:2      | Reached skill level 1 in Shapeshifting
  1750 | D:2      | Reached XP level 5. HP: 40/40 MP: 6/6
  1753 | D:2      | Noticed Sigmund
  1760 | D:2      | Killed Sigmund
  1761 | D:2      | Reached skill level 5 in Armour
  1761 | D:2      | Reached XP level 6. HP: 47/47 MP: 6/8
  2015 | D:3      | Found a faded altar of an unknown god.
  2250 | D:3      | Found an iron altar of Okawaru.
  2309 | D:3      | Found Souming's General Store.
  2482 | D:3      | Found a sacrificial altar of Ru.
  2579 | D:3      | Found an opulent altar of Gozag.
  2697 | D:3      | Found a burning altar of Makhleb.
  2697 | D:3      | Found a glowing golden altar of the Shining One.
  2888 | D:4      | Found a hazy altar of Hepliaklqana.
  2922 | D:4      | Became a worshipper of Hepliaklqana the Forgotten
  3046 | D:4      | Noticed a wyvern
  3059 | D:5      | Entered Level 5 of the Dungeon
  3229 | D:5      | Noticed a water moccasin
  3232 | D:5      | Reached XP level 7. HP: 33/52 MP: 10/10
  3235 | D:5      | Reached skill level 7 in Evocations
  3771 | D:5      | Reached * piety under Hepliaklqana
  4101 | D:5      | Found a stormy altar of Qazlal.
  4600 | D:6      | Reached XP level 8. HP: 22/54 MP: 12/12
  4727 | D:6      | Found a staircase to the Ecumenical Temple.
  4749 | D:6      | Identified the +2 robe of Equc {rC+}
  4763 | Temple   | Entered the Ecumenical Temple
  4793 | D:6      | Reached ** piety under Hepliaklqana
  4794 | D:6      | Remembered your ancestor Hrodulf as a battlemage
  4917 | D:6      | Found a white marble altar of Elyvilon.
  5367 | D:6      | Found Peozxiar's General Store.
  5598 | D:7      | Noticed Dowan
  5600 | D:7      | Noticed Duvessa
  5609 | D:7      | Killed Dowan
  5956 | D:7      | Killed Duvessa
  6415 | D:7      | Reached XP level 9. HP: 59/59 MP: 14/14
  6579 | D:7      | Found an ornate altar of the Wu Jian Council.
  7075 | D:4      | Identified the ring of Xom's Full Attention {rC+ rN+ MP+9}
  7183 | D:4      | Reached skill level 5 in Fighting
  7183 | D:4      | Reached skill level 5 in Dodging
  7455 | D:4      | Reached *** piety under Hepliaklqana
  7611 | D:5      | Found a bloodstained altar of Trog.
  7746 | D:2      | Bought a +1 buckler of fire resistance for 165 gold pieces
  7893 | D:8      | Reached skill level 5 in Stealth
  7906 | D:8      | Reached skill level 8 in Evocations
  8090 | D:8      | Found a shimmering blue altar of Sif Muna.
  8176 | D:8      | Reached skill level 5 in Invocations
  8185 | D:8      | Noticed Maggie
  8195 | D:8      | Killed Maggie
  8414 | D:8      | Found a glowing silver altar of Zin.
  8542 | D:9      | Found a staircase to the Lair.
  8544 | D:9      | Noticed a komodo dragon
  8554 | D:9      | Reached XP level 10. HP: 26/67 MP: 17/17
  8567 | D:9      | Noticed a six-headed hydra
  8567 | D:9      | Noticed a two-headed ogre
  8569 | D:9      | Noticed a tengu warrior
  8571 | D:9      | Noticed a death knight
  8572 | D:9      | Killed a tengu warrior
  8573 | D:9      | Reached skill level 5 in Short Blades
  8573 | D:9      | Reached skill level 5 in Long Blades
  8573 | D:9      | Reached skill level 5 in Axes
  8573 | D:9      | Reached skill level 5 in Maces & Flails
  8573 | D:9      | Reached skill level 5 in Polearms
  8573 | D:9      | Reached skill level 5 in Staves
  8573 | D:9      | Reached skill level 5 in Ranged Weapons
  8573 | D:9      | Reached skill level 5 in Throwing
  8573 | D:9      | Reached skill level 5 in Shields
  8573 | D:9      | Reached skill level 5 in Unarmed Combat
  8573 | D:9      | Reached skill level 5 in Spellcasting
  8573 | D:9      | Killed a six-headed hydra
  8580 | D:9      | Noticed a boulder beetle
  8809 | D:9      | Found a radiant altar of Vehumet.
  8931 | D:9      | Noticed a two-headed ogre
  9106 | D:9      | Killed a two-headed ogre
  9132 | D:9      | Slain by a boulder beetle

Illustrated notes

Levels and vault maps discovered:
D:1:      minmay_arrival_cross, layout_rooms, minmay_close_crescents
D:2:      wad_river_or_something, layout_basic, serial_shops,
          nicolae_shop_hallway_stairs, palyth_stone_intersect,
          minmay_misc_feat_roman, uniq_sigmund
D:3:      layout_basic, lemuel_coloured_pillars_altar,
          nicolae_ru_the_path_less_chosen, mainiacjoe_overflow_brackets,
          gammafunk_temple_overflow_statue, serial_shops, shop,
          shapermc_ecumenical_altar_venn, serial_bayou_lake_a
D:4:      layout_rooms, mainiacjoe_overflow_alcove_4, serial_glass,
          glass_columns_a, glass_columns_a, feat_on_display,
          minmay_strange_pillars, due_unseen_surprise,
          kennysheep_decorative_pillar
D:5:      layout_basic, nicolae_overflow_crystal_walls,
          nicolae_overflow_hidden_temple
D:6:      layout_loops_corners, mainiacjoe_overflow_concentric_impassable,
          minmay_temple_entry_mist, serial_shops, nicolae_lakefront_shop,
          minmay_hedge_maze
D:7:      layout_basic, old_standard_altar, minmay_misc_feat_diagonals,
          corexii_checkpoint_a, minmay_chambers_of_fives, uniq_duvessa
D:8:      layout_rooms, general_overflow_altar, kennysheep_mini, uniq_maggie
D:9:      layout_roguey, vehumet_altar_wand_db, mainiacjoe_overflow_alcove_2,
          due_lair_maze_entry_diamond, serial_shops, nicolae_shop_dealshenge,
          amcnicky_mini_rare_corridor_liquid, nicolae_doodle_vault
Temple:   nicolae_temple_ecumenical_triangle

Skill      XL: |  1  2  3  4  5  6  7  8  9 10 |
---------------+-------------------------------+-----
Invocations    | 1 2 3 4 5 6 |  6.2
Short Blades   | 1 2 3 4 5 |  5.7
Long Blades    | 1 2 3 4 5 |  5.7
Axes           | 1 2 3 4 5 |  5.7
Maces & Flails | 1 2 3 4 5 |  5.7
Polearms       | 1 2 3 4 5 |  5.7
Staves         | 1 2 3 4 5 |  5.7
Ranged Weapons | 1 2 3 4 5 |  5.7
Throwing       | 1 2 3 4 5 |  5.7
Shields        | 1 2 3 4 5 |  5.7
Unarmed Combat | 1 2 3 4 5 |  5.7
Spellcasting   | 1 2 3 4 5 |  5.7
Conjurations   | 1 2 3 4 |  4.7
Hexes          | 1 2 3 4 |  4.7
Summonings     | 1 2 3 4 |  4.7
Necromancy     | 1 2 3 4 |  4.7
Translocations | 1 2 3 4 |  4.7
Transmutations | 1 2 3 4 |  4.7
Fire Magic     | 1 2 3 4 |  4.7
Ice Magic      | 1 2 3 4 |  4.7
Air Magic      | 1 2 3 4 |  4.7
Earth Magic    | 1 2 3 4 |  4.7
Poison Magic   | 1 2 3 4 |  4.7
Shapeshifting  | 1 2 3 4 |  4.7
Fighting       | 3 4 5 6 |  6.3
Armour         | 5 6 7 |  7.4
Dodging        | 3 4 5 6 |  6.3
Stealth        | 3 4 5 6 |  6.2
Evocations     | 7 8 |  8.8

Action                     |  1- 3 |  4- 6 |  7- 9 | 10-12 || total
---------------------------+-------+-------+-------+-------++-------
  Melee: Club              |    27 |       |       |       ||    27
         Bite              |     7 |     8 |    23 |     5 ||    43
         Punch             |     2 |     2 |       |       ||     4
         Mace              |    57 |   129 |    62 |       ||   248
         Short sword       |       |       |   100 |       ||   100
         Rapier            |       |       |     8 |       ||     8
         Morningstar       |       |       |    14 |    43 ||    57
 Invoke: Ancestor Life: Ba |       |       |     1 |       ||     1
  Evoke: Wand              |     4 |    11 |    10 |    15 ||    40
    Use: Scroll            |       |       |    11 |     7 ||    18
         Potion            |       |       |       |     4 ||     4
   Stab: Sleeping          |     4 |     5 |     1 |       ||    10
         Distracted        |       |       |     4 |       ||     4
 Armour: Leather armour    |    44 |    55 |    24 |       ||   123
         Plate armour      |       |       |   134 |    49 ||   183
  Dodge: Dodged            |   107 |   125 |    84 |    10 ||   326
  Block: Buckler           |       |       |    18 |    20 ||    38

Table legend: (Time is in decaauts)
 A = Elapsed time spent in this place.
 B = Non-inter-level travel time spent in this place.
 C = Inter-level travel time spent in this place.
 D = Time resting spent in this place.
 E = Time spent auto-exploring this place.
 F = Levels seen in this place.
 G = Mean time per level.
                   A        B        C        D        E       F      G
               +--------+--------+--------+--------+--------+-----+--------+
         Total |   9452 |   8769 |    683 |    611 |   6463 |  10 |  945.2 |
       Dungeon |   9450 |   8768 |    682 |    611 |   6463 |   9 | 1050.0 |
        Temple |      1 |      1 |      0 |      0 |      0 |   1 |    1.0 |
               +--------+--------+--------+--------+--------+-----+--------+

Top non-repeatable levels by time:
     D:5: 1602 daAuts
     D:7: 1541 daAuts
     D:2: 1383 daAuts
     D:6: 1362 daAuts
     D:3: 960 daAuts
     D:1: 740 daAuts
     D:4: 740 daAuts
     D:8: 726 daAuts
     D:9: 391 daAuts
  Temple: 1 daAuts
